Map: Blackpink LE

Players

llllllllllll - Winner!

  • Race: Terran Terran
  • League: Master
  • Spawn Location: 7:00

Plokoon

  • Race: Terran Terran
  • League: Master
  • Spawn Location: 1:00

VOD

Have the link to the VOD?

Description

Time

  • Played on: Jan. 20, 2018, 9:39 a.m.
  • Length: 16:57
Show
View Real Time Build Order
Export as new Build Order

llllllllllll Terran - Winner!

Build Orders: Cyclone Opening, Bio Tank 

Get SALT Encoding   

  12  0:00  SCV  
  13  0:13  SCV  
  14  0:17  Supply Depot  
  14  0:25  SCV  
  15  0:29  Refinery  
  15  0:39  SCV  
  16  0:44  Barracks  
  16  0:51  SCV  
  16  0:56  Refinery  
  17  1:03  SCV  
  18  1:15  SCV  
  19  1:31  Reaper, Orbital Command  
  20  1:35  Factory  
  20  1:45  Supply Depot  
  20  1:57  SCV  
  21  2:03  Reaper  
  22  2:09  SCV  
  23  2:21  Cyclone  
  26  2:23  SCV  
  27  2:41  SCV  
  27  2:42  Barracks Reactor  
  28  2:45  Command Center  
  28  2:53  Cyclone  
  31  3:00  Supply Depot  
  31  3:16  Starport  
  31  3:21  SCV  
  32  3:33  SCV  
  33  3:44  Marine  
  33  3:45  Marine  
  33  3:47  Command Center  
  35  3:52  Factory Tech Lab  
  35  4:00  Orbital Command  
  35  4:08  SCV  
  36  4:18  Raven  
  36  4:20  SCV  
  36  4:22  Marine x2  
  41  4:26  SCV  
  42  4:32  SCV  
  42  4:37  Factory Tech Lab  
  43  4:38  SCV  
  43  4:39  Marine  
  43  4:40  Marine  
  43  4:44  SCV  
  47  4:47  Supply Depot  
  47  4:51  SCV  
  48  4:55  Siege Tank  
  48  4:56  SCV  
  48  4:59  Marine x2  
  54  5:00  Orbital Command  
  54  5:03  SCV  
  55  5:08  SCV  
  55  5:10  Starport Reactor  
  56  5:15  SCV  
  56  5:18  Barracks x2  
  56  5:21  SCV  
  58  5:26  SCV  
  58  5:27  SCV  
  60  5:29  Siege Tank  
  60  5:32  Marine x2  
  60  5:33  SCV  
  66  5:39  Refinery, SCV  
  66  5:40  Refinery, SCV  
  68  5:43  Engineering Bay  
  68  5:48  Engineering Bay  
  67  5:53  Marine x2  
  67  5:56  SCV  
  70  5:57  SCV x2  
  70  6:03  Siege Tank  
  74  6:06  Barracks Reactor, Stimpack  
  74  6:07  Marine  
  74  6:10  Terran Infantry Weapons Level 1  
  74  6:11  Marine  
  75  6:15  Terran Infantry Armor Level 1  
  75  6:18  Marine  
  76  6:24  Missile Turret  
  76  6:25  Marine  
  78  6:26  Sensor Tower  
  78  6:28  Medivac x2  
  78  6:29  Marine  
  83  6:35  Missile Turret  
  83  6:39  Orbital Command  
  83  6:40  SCV  
  83  6:41  SCV  
  85  6:50  Armory  
  85  7:00  Missile Turret  
  85  7:01  Supply Depot  
  85  7:03  Supply Depot  
  85  7:20  Supply Depot  
  85  7:23  Missile Turret, Siege Tank, Marine x3, SCV x2  
  85  7:24  Marine x2  
  85  7:25  SCV  
  85  7:28  Supply Depot  
  95  7:35  Viking x2, SCV x2  
  101  7:39  Factory  
  101  7:41  SCV  
  102  7:47  SCV x2  
  104  7:53  SCV  
  104  7:57  Siege Tank  
  107  8:01  Terran Vehicle Weapons Level 1, SCV x2  
  107  8:03  Barracks x2  
  107  8:04  Barracks  
  100  8:06  SCV  
  100  8:07  Combat Shields  
  98  8:22  SCV x2  
  98  8:23  SCV  
  101  8:27  Factory Tech Lab  
  101  8:28  Marine x2  
  101  8:29  Siege Tank, Marine x3  
  101  8:31  Viking x2  
  110  8:45  SCV x3  
  110  8:47  Marine x3  
  116  8:49  Sensor Tower, Terran Infantry Weapons Level 2  
  116  8:52  Command Center, Barracks Reactor x3  
  116  8:53  Supply Depot  
  116  8:54  Refinery  
  116  8:55  Supply Depot  
  115  9:06  Siege Tank  
  108  9:23  SCV x3  
  109  9:25  Siege Tank, Refinery  
  109  9:26  Marine x5  
  109  9:27  Medivac  
  109  9:30  Marine x4  
  123  9:32  Supply Depot  
  123  9:34  Terran Infantry Armor Level 2  
  123  9:35  Supply Depot  
  123  9:38  Supply Depot  
  123  9:47  Missile Turret  
  123  9:54  Marine x11  
  123  9:59  Siege Tank x2  
  140  10:11  Marine  
  140  10:12  Marine x5  
  146  10:16  Medivac  
  146  10:17  Medivac  
  146  10:19  Marine x2  
  146  10:20  Marine x3  
  155  10:32  Siege Tank x2  
  161  10:38  Marine x4  
  165  10:46  Supply Depot  
  162  10:50  Supply Depot  
  162  10:51  Supply Depot  
  162  10:55  Liberator x2  
  125  11:05  Siege Tank x2  
  125  11:06  Marine  
  125  11:07  Marine x7  
  125  11:08  Marine  
  137  11:13  Marine  
  137  11:15  Marine  
  139  11:20  Planetary Fortress  
  139  11:21  SCV x3  
  139  11:22  Missile Turret  
  139  11:24  Marine x2  
  139  11:25  Marine x5  
  148  11:31  Missile Turret  
  149  11:33  SCV  
  149  11:36  Terran Infantry Weapons Level 3, Terran Vehicle Weapons Level 2  
  150  11:42  Marine  
  150  11:43  Marine x7  
  150  11:44  Marine  
  159  11:59  Siege Tank x2  
  165  12:10  Marine x4  
  165  12:11  Marine x7  
  165  12:15  Command Center  
  176  12:28  Marine x4  
  176  12:29  Marine x3, Supply Depot  
  183  12:31  Siege Tank x2  
  183  12:34  Supply Depot  
  183  12:36  Terran Infantry Armor Level 3  
  189  12:44  Marine x4  
  190  12:46  Marine  
  189  13:00  Marine  
  189  13:03  Siege Tank  
  187  13:06  Marine  
  187  13:07  Marine x9  
  189  13:20  Medivac, Marine  
  189  13:21  Medivac  
  189  13:24  Marine  
  189  13:25  Marine  
  177  13:43  Marine x2  
  177  13:44  Marine  
  177  13:46  SCV  
  177  13:47  SCV x2  
  172  13:56  Refinery  
  172  13:59  SCV x3  
  174  14:04  Command Center  
  174  14:09  Orbital Command  
  160  14:16  Marine  
  156  14:17  Marine x8  
  156  14:19  Factory  
  164  14:25  Factory  
  152  14:32  Building Armor  
  152  14:34  Marine  
  150  14:39  Barracks x2  
  150  14:41  Barracks  
  150  14:42  Barracks  
  150  14:49  Refinery x2  
  150  14:50  Refinery  
  150  14:51  Refinery  
  141  15:19  Marine  
  141  15:20  Marine  
  143  15:21  Factory Tech Lab  
  143  15:22  Factory Tech Lab  
  143  15:25  Planetary Fortress  
  143  15:28  Medivac x2  
  147  15:33  Starport  
  147  15:35  Factory, Refinery x2  
  98  15:51  Marine x11  
  98  15:52  Siege Tank, Marine x2  
  98  15:53  Siege Tank  
  117  16:08  Marine  
  117  16:09  Marine x12  
  130  16:12  Command Center  
  130  16:25  Siege Tank  
  136  16:26  Marine  
  136  16:27  Marine x12  
  136  16:28  Missile Turret, Command Center  
Show
View Real Time Build Order
Export as new Build Order

Plokoon Terran 

Build Orders: Cyclone Opening, Reaper Expand, Bio Tank 

Get SALT Encoding   

  12  0:00  SCV  
  13  0:13  SCV  
  14  0:17  Supply Depot  
  14  0:25  SCV  
  15  0:30  Refinery  
  15  0:39  SCV  
  16  0:45  Barracks  
  16  0:51  SCV  
  17  1:03  SCV  
  18  1:16  SCV  
  19  1:32  Reaper  
  19  1:33  Orbital Command  
  20  1:46  Command Center  
  20  1:58  Factory  
  20  2:07  Reaper  
  20  2:08  SCV  
  22  2:12  Supply Depot  
  22  2:20  SCV  
  22  2:25  Refinery  
  22  2:32  SCV  
  23  2:39  Bunker  
  23  2:44  SCV  
  23  2:45  Marine  
  23  2:46  Cyclone  
  28  2:56  SCV  
  29  3:10  Marine  
  30  3:12  Orbital Command  
  30  3:15  SCV  
  31  3:21  Starport  
  31  3:27  SCV  
  31  3:31  Cyclone  
  35  3:39  SCV x2  
  37  3:43  Barracks Reactor  
  37  3:46  Engineering Bay  
  37  3:51  SCV  
  37  3:52  SCV  
  37  3:54  Supply Depot  
  39  4:01  Viking  
  41  4:03  SCV  
  41  4:08  SCV  
  43  4:13  Factory Tech Lab  
  43  4:15  SCV  
  44  4:20  Marine, SCV  
  44  4:21  Marine  
  44  4:22  Missile Turret  
  47  4:24  Missile Turret  
  47  4:27  SCV  
  48  4:32  SCV  
  48  4:33  Siege Tank  
  52  4:40  SCV  
  52  4:44  SCV  
  54  4:46  Supply Depot  
  54  4:47  Refinery  
  54  4:48  Barracks Tech Lab  
  54  4:49  Barracks  
  54  4:50  Starport Reactor  
  54  4:53  Barracks  
  54  4:58  Terran Infantry Weapons Level 1  
  54  5:03  Supply Depot  
  54  5:08  Marine, SCV x2  
  54  5:11  Stimpack  
  57  5:20  SCV x2  
  59  5:23  Siege Tank  
  59  5:25  Supply Depot  
  59  5:26  Marine  
  63  5:32  SCV  
  63  5:33  SCV  
  65  5:38  Starport Reactor  
  65  5:39  Supply Depot  
  65  5:43  Marine x2  
  65  5:44  Marine  
  65  5:49  Supply Depot  
  68  5:51  Marine x2  
  68  5:53  SCV  
  68  5:57  Siege Tank  
  74  6:00  SCV  
  74  6:01  Marine x2  
  74  6:02  Marine, Supply Depot  
  78  6:08  Supply Depot  
  78  6:10  Marine x2  
  80  6:19  Marine, SCV  
  80  6:22  Supply Depot  
  80  6:25  Marine x2  
  84  6:28  Medivac x2, Marine  
  89  6:33  Supply Depot  
  89  6:35  SCV  
  90  6:49  Command Center  
  90  6:51  Marine x3  
  93  6:56  Terran Infantry Armor Level 1  
  93  7:00  Siege Tank  
  96  7:08  Marine x2  
  97  7:11  Medivac  
  97  7:12  Combat Shields  
  98  7:16  Supply Depot, Refinery  
  98  7:21  Marine x2  
  98  7:22  Marine  
  101  7:26  Marine x2  
  101  7:27  Supply Depot  
  103  7:36  Siege Tank  
  106  7:39  Marine x3, Supply Depot  
  106  7:42  Supply Depot  
  109  7:49  Missile Turret  
  109  7:54  Marine x2  
  107  8:09  Marine  
  107  8:10  Marine  
  107  8:12  Marine x2  
  108  8:17  Marine  
  108  8:19  Siege Tank  
  112  8:22  Factory, SCV  
  112  8:23  SCV, Barracks  
  112  8:24  Barracks  
  114  8:27  Marine  
  112  8:35  Marine x2  
  112  8:38  Marine x2  
  112  8:40  SCV  
  117  8:42  Armory  
  117  8:52  Marine  
  117  8:53  Marine  
  117  8:54  Orbital Command  
  119  8:57  SCV x2  
  121  9:07  Marine x3  
  121  9:08  Siege Tank  
  124  9:11  Marine x2  
  124  9:15  SCV  
  124  9:20  Barracks Reactor x2  
  124  9:22  Factory Tech Lab  
  124  9:23  SCV x2  
  126  9:27  SCV  
  127  9:35  Marine, SCV x2  
  127  9:36  Marine x4  
  127  9:37  Medivac x2  
  138  9:40  Refinery x2, SCV  
  139  9:52  Terran Infantry Weapons Level 2  
  139  9:53  Marine x2  
  139  9:56  Engineering Bay, Terran Vehicle Weapons Level 1  
  139  9:59  Marine x4  
  145  10:04  Marine x2  
  147  10:09  Marine  
  147  10:11  Marine x2  
  147  10:12  Siege Tank  
  153  10:28  Marine x5  
  153  10:33  Marine x3  
  153  10:34  Medivac  
  161  10:36  Medivac  
  161  10:38  Command Center  
  161  10:41  Marine  
  164  10:45  Marine  
  160  10:55  Marine  
  160  10:56  Marine  
  138  10:58  Marine x2  
  129  11:05  Marine x2  
  129  11:06  Medivac x2  
  129  11:07  Marine x2  
  133  11:12  Marine  
  133  11:13  Marine  
  133  11:14  Marine  
  133  11:15  Marine x2  
  138  11:19  Terran Infantry Armor Level 2  
  138  11:21  Siege Tank x2  
  138  11:23  Marine x2  
  138  11:25  SCV  
  147  11:36  Medivac x2  
  151  11:41  Marine x4  
  151  11:42  Marine  
  151  11:45  Supply Depot  
  156  11:53  Siege Tank x2  
  162  12:06  Medivac x2  
  162  12:11  Marine x7  
  162  12:14  Marine  
  168  12:22  Marine  
  168  12:25  Siege Tank x2  
  168  12:28  Marine  
  176  12:30  Planetary Fortress  
  176  12:35  Marine  
  176  12:36  Medivac x2, Marine x4  
  185  12:41  Marine x3  
  188  12:46  Marine  
  189  12:53  Marine x2  
  189  12:57  Siege Tank  
  166  13:06  Siege Tank  
  166  13:07  Marine x3  
  166  13:11  Marine x4  
  175  13:13  Marine x2  
  170  13:24  Marine x2  
  170  13:26  Viking x2  
  171  13:29  Siege Tank  
  174  13:38  Siege Tank  
  174  13:39  Marine x2  
  174  13:40  Marine x3  
  174  13:41  Marine x2  
  179  13:42  Marine x2  
  180  13:56  Marine  
  180  13:57  Marine  
  180  13:58  Marine x4  
  180  13:59  Marine  
  180  14:00  Marine  
  180  14:01  Siege Tank, Viking x2  
  195  14:03  Marine  
  184  14:14  Marine  
  184  14:16  Marine x2  
  166  14:17  Siege Tank  
  166  14:19  Terran Infantry Weapons Level 3  
  166  14:21  Liberator  
  159  14:25  Marine x2  
  159  14:31  Medivac, Marine x4  
  141  14:32  Marine  
  141  14:33  Siege Tank  
  141  14:34  Marine x2  
  151  14:44  Liberator, Command Center  
  154  14:50  Refinery  
  154  14:51  Missile Turret  
  154  14:53  Siege Tank  
  157  15:03  Marine x7  
  157  15:04  Liberator  
  157  15:05  Siege Tank  
  148  15:21  Marine x2  
  148  15:22  Marine  
  148  15:26  Liberator  
  148  15:28  Supply Depot, Refinery  
  154  15:33  Supply Depot  
  154  15:34  Supply Depot  
  154  15:41  Marine x2  
  128  15:47  Liberator, Marine x2  
  119  15:50  Siege Tank x2  
  112  15:58  Marine x2  
  112  16:03  Marine x3  
  112  16:04  Marine  
  121  16:12  Marine  
  121  16:16  Command Center  
  122  16:18  Marine x2  
  122  16:19  Marine  
  122  16:22  Siege Tank x2  
  131  16:25  Orbital Command  
  131  16:37  Marine x2  
  131  16:38  Marine x2  
Tags
 
Add a new tag
Caveats
  • Supply blocks, unpowered buildings, or Contaminate may cause inaccurate times.
  • Supply counts are checked every 10 seconds.